 Dungeon Crawl Stone Soup version 0.30-a0-1016-gfb0d676c02 (webtiles) character file.

Game seed: 12034809458302197319

2398 jasper the Trooper (level 9, -7/72 HPs)
             Began as a Demonspawn Cinder Acolyte on Apr 6, 2023.
             Was a Priest of Ignis.
             Mangled by a komodo dragon (17 damage)
             ... on level 7 of the Dungeon.
             The game lasted 00:09:25 (8838 turns).

jasper the Trooper (Demonspawn Cinder Acolyte)      Turns: 8838, Time: 00:09:26

Health: -7/72      AC: 18    Str: 14    XL:     9   Next: 23%
Magic:  1/17       EV: 11    Int: 21    God:    Ignis [***...]
Gold:   374        SH:  4    Dex:  8    Spells: 14/19 levels left

rFire   + + .      SeeInvis .    a - +0 spear (flame)
rCold   . . .      Faith    .    (no shield)
rNeg    . . .      Spirit   .    l - +3 leather armour {rF+}
rPois   .          Reflect  .    h - +1 helmet
rElec   .          Rampage  .    (no cloak)
rCorr   .                        (no gloves)
Will    .....                    (no boots)
Stlth   +                        (no amulet)
HPRegen 0.32/turn                (no ring)
MPRegen 0.15/turn                (no ring)

@: fiery-armoured
A: yellow scales 2, condensation shield, demonic magic 1, demonic touch 1
a: Renounce Religion, Fiery Armour, Foxfire Swarm, Rising Flame


You were on level 7 of the Dungeon.
You worshipped Ignis.
Ignis was most pleased with you.
You visited 1 branch of the dungeon, and saw 7 of its levels.

You collected 374 gold pieces.

Inventory:

Hand Weapons
 a - a +0 spear of flaming (weapon)
Missiles
 c - 2 throwing nets
Armour
 b - a +0 robe
 h - a +1 helmet (worn)
 l - a +3 leather armour of fire resistance (worn)
Jewellery
 p - a +6 ring of strength
 C - a +6 ring of strength
 E - the ring of Sazum {rC- rN+ Int+7}
   (You found it on level 6 of the Dungeon)

   [ring of positive energy]

   Int:       It affects your intelligence (+7).
   rC:        It makes you vulnerable to cold.
   rN:        It protects you from negative energy.
Wands
 g - a wand of flame (22)
 v - a wand of quicksilver (1)
Scrolls
 d - 3 scrolls of teleportation
 i - a scroll of immolation
 n - 3 scrolls of enchant armour
 r - 3 scrolls of fog
 s - a scroll of amnesia
 t - a scroll of fear
Potions
 e - a potion of berserk rage
 f - 3 potions of haste
 j - 4 potions of flight
 k - a potion of attraction
 m - 4 potions of curing
 o - a potion of experience {unknown}
 q - 3 potions of heal wounds {unknown}
 u - 2 potions of ambrosia {unknown}
 w - 2 potions of magic {unknown}
 x - 2 potions of brilliance {unknown}
 z - 2 potions of might {unknown}
 A - 2 potions of mutation {unknown}
 B - a potion of resistance {unknown}


   Skills:
 + Level 7.2 Fighting
 - Level 2.6 Polearms
 + Level 5.9 Spellcasting
 * Level 5.1 Conjurations
 - Level 5.5 Fire Magic
 - Level 3.0 Ice Magic


You had 14 spell levels left.
You knew the following spells:

 Your Spells              Type           Power      Damage    Failure   Level
a - Scorch                Fire           58%        2d7       1%          2
b - Hailstorm             Conj/Ice       23%        3d7       7%          3

Your spell library contained the following spells:

 Spells                   Type           Power      Damage    Failure   Level
 Freeze                   Ice            72%        1d8       3%          1
 Frozen Ramparts          Ice            36%        1d6       11%         3


Dungeon Overview and Level Annotations

Branches:
Dungeon (7/15)             Temple (0/1) D:5

Altars:
Cheibriados
Dithmenos
Gozag
Hepliaklqana
Makhleb
Nemelex Xobeh
Sif Muna
Trog
Uskayaw
Vehumet
Wu Jian
Xom
Yredelemnul

Annotations:
D:5 3 runed translucent doors, oldplebian's ghost, amateur MfGl


Innate Abilities, Weirdness & Mutations

You are mostly covered in yellow scales. (AC +3)
A meltable shield of frost defends you. (SH +4)
Spells you cast may paralyse adjacent enemies.
Your touch may inflict minor irresistible damage on your foes.


Message History

Flames lash the komodo dragon.
The komodo dragon is heavily wounded.
The komodo dragon's fire resistance burns away.
Malevolent energies surge around you.
The komodo dragon suddenly stops moving!
The iguana hisses angrily.
You hear an angry hiss.
You now have 2/17 mp.
Casting: Scorch (safe; 1% risk of failure)
Press: ? - help, Q - select action, (/) - cycle Dir - look around, f - activate Flames lash the komodo dragon but do no damage.
Malevolent energies surge around you.
You hear an angry hiss.
An iguana comes into view.
You now have 0/17 mp.
The helpless komodo dragon fails to defend itself.
You hit the komodo dragon but do no damage.
The komodo dragon is heavily wounded.
The helpless komodo dragon fails to defend itself.
You hit the komodo dragon. You burn the komodo dragon.
The komodo dragon is heavily wounded.
The komodo dragon is no longer paralysed.
The komodo dragon is no longer more vulnerable to fire.
The komodo dragon bites you!!
A frilled lizard comes into view.
You take 20 damage, and have 52/72 hp.
MASSIVE DAMAGE!!
You hit the komodo dragon. You burn the komodo dragon.
The komodo dragon is heavily wounded.
The komodo dragon bites you!!
You take 26 damage, and have 26/72 hp.
MASSIVE DAMAGE!!
The komodo dragon attacks as you move away!
The komodo dragon bites you!!
* * * LOW HITPOINT WARNING * * *
The iguana hisses menacingly.
There is an open door here.
You take 21 damage, and have 5/72 hp.
MASSIVE DAMAGE!!
A protective cloak of flame settles atop you.
You block the komodo dragon's attack.
You feel better. The komodo dragon bites you!
You die...

#..#
#...####
#......#
#...l..#
#.†.>..#
#...l..#
#>..)..#
#ll.#
######@###
#........#
+..<.....#
#######.##
#.# ###


You could see a komodo dragon, 2 iguanas and a frilled lizard.

Vanquished Creatures
  Sigmund (D:2)
  A steam dragon (D:6)
  3 water moccasins
  3 ice beasts
  A black bear (D:6)
  3 ogres
  A centaur (D:6)
  A bullfrog (D:6)
  A necrophage (D:6)
  A gnoll sergeant (D:6)
  2 scorpions (D:5)
  A wight (D:3)
  4 hounds
  A gnoll bouda (D:6)
  3 iguanas
  A jelly (D:6)
  A sleepcap (D:5)
  Jessica (D:2)
  2 orc wizards (D:5)
  Ijyb (D:4)
  A hound skeleton (D:6)
  Robin (D:1)
  3 gnolls (D:6)
  14 adders
  A river rat (D:6)
  A worm (D:6)
  2 dart slugs (D:1)
  17 orcs
  11 endoplasms
  5 giant cockroaches
  14 goblins
  18 hobgoblins
  8 jackals
  16 kobolds
  5 quokkas
  6 ball pythons
  7 bats
  7 frilled lizards
  9 rats
179 creatures vanquished.

Vanquished Creatures (others)
  9 plants (D:7)
9 creatures vanquished.

Grand Total: 188 creatures vanquished

Notes
Turn   | Place    | Note
-------+----------+-------------------------------------------
     0 | D:1      | jasper the Demonspawn Cinder Acolyte began the quest for
                  | the Orb.
     0 | D:1      | Reached XP level 1. HP: 18/18 MP: 2/2
   319 | D:1      | Gained mutation: You are partially covered in yellow
                  | scales. (AC +2) [demonic ancestry]
   319 | D:1      | Reached XP level 2. HP: 11/24 MP: 4/4
   336 | D:1      | Learned a level 2 spell: Scorch
   594 | D:1      | Gained mutation: Your touch may inflict minor irresistible
                  | damage on your foes. [demonic ancestry]
   594 | D:1      | Reached XP level 3. HP: 29/29 MP: 0/5
  1273 | D:2      | Noticed Robin
  1296 | D:1      | Killed Robin
  1297 | D:1      | Reached XP level 4. HP: 34/37 MP: 1/7
  1541 | D:2      | Noticed Sigmund
  1553 | D:2      | Killed Sigmund
  1554 | D:2      | Reached skill level 4 in Fighting
  1554 | D:2      | Gained mutation: A meltable shield of frost defends you.
                  | (SH +4) [demonic ancestry]
  1554 | D:2      | Reached XP level 5. HP: 42/43 MP: 2/9
  1909 | D:2      | Noticed Jessica
  1913 | D:2      | Killed Jessica
  2004 | D:2      | Reached XP level 6. HP: 49/49 MP: 7/10
  3059 | D:3      | Found a basalt altar of Yredelemnul.
  3747 | D:3      | Found an ornate altar of the Wu Jian Council.
  4157 | D:4      | Found a sparkling altar of Nemelex Xobeh.
  4249 | D:4      | Reached skill level 5 in Fighting
  4349 | D:4      | Reached XP level 7. HP: 43/56 MP: 1/13
  4557 | D:4      | Found a shimmering altar of Xom.
  4662 | D:4      | Found a shadowy altar of Dithmenos.
  4666 | D:4      | Found a bloodstained altar of Trog.
  4764 | D:4      | Found a snail-covered altar of Cheibriados.
  4776 | D:4      | Noticed Ijyb
  4780 | D:4      | Killed Ijyb
  5140 | D:4      | Reached skill level 5 in Fire Magic
  5324 | D:4      | Found an opulent altar of Gozag.
  5444 | D:5      | Entered Level 5 of the Dungeon
  5579 | D:5      | Found a staircase to the Ecumenical Temple.
  5703 | D:5      | Found a runed translucent gate.
  5703 | D:5      | Found a runed translucent gate.
  5703 | D:5      | Found a runed translucent gate.
  5713 | D:5      | Noticed oldplebian's ghost (amateur MfGl)
  5984 | D:5      | Reached skill level 6 in Fighting
  6175 | D:5      | Found a radiant altar of Vehumet.
  6422 | D:5      | Gained mutation: Spells you cast may paralyse adjacent
                  | enemies. [demonic ancestry]
  6422 | D:5      | Reached XP level 8. HP: 64/64 MP: 8/15
  6426 | D:5      | Learned a level 3 spell: Hailstorm
  6713 | D:5      | Found a shimmering blue altar of Sif Muna.
  6951 | D:6      | Reached skill level 1 in Conjurations
  6961 | D:6      | Reached skill level 5 in Spellcasting
  6976 | D:6      | Reached skill level 1 in Ice Magic
  7272 | D:6      | Found a hide-covered altar of Uskayaw.
  7551 | D:6      | Gained mutation: You are mostly covered in yellow scales.
                  | (AC +3) [demonic ancestry]
  7551 | D:6      | Reached XP level 9. HP: 64/71 MP: 0/17
  7765 | D:6      | Reached skill level 7 in Fighting
  8312 | D:6      | Identified the ring of Sazum {rC- rN+ Int+7}
  8403 | D:6      | Found a hazy altar of Hepliaklqana.
  8509 | D:6      | Found a burning altar of Makhleb.
  8515 | D:6      | Reached skill level 5 in Conjurations
  8825 | D:7      | Noticed a komodo dragon
  8838 | D:7      | Mangled by a komodo dragon

Illustrated notes

Levels and vault maps discovered:
D:1:      nicolae_arrival_somewhat_less_tricky_arrival, layout_rooms,
          minmay_hexomino_c4
D:2:      layout_basic, uniq_robin, uniq_sigmund, uniq_jessica
D:3:      layout_basic, mainiacjoe_overflow_alcove_1, yredelemnul_altar_generic,
          minmay_divided_ellipse
D:4:      minmay_spotlight, layout_cave_pools,
          grunt_temple_overflow_gold_and_silver,
          mainiacjoe_overflow_six_doors_small, lemuel_coloured_pillars_altar,
          mainiacjoe_overflow_small_starburst,
          nicolae_dithmenos_through_a_glass_darkly, lemuel_tele_altar,
          lemuel_crystal_altar, minmay_goblin_kobold_house, uniq_ijyb
D:5:      layout_cave_pods, tgw_sif, vehumet_altar_wand_db, temple_green,
          ebering_ghost_rock_garden
D:6:      layout_basic, makhleb_blood_cavern_becter,
          mainiacjoe_overflow_concentric_impassable,
          nicolae_hepliaklqana_hippocampus, gup_sewer_entry_bubbles,
          serial_curves, eino_curves_01, eino_curves_01, eino_curves_03,
          eino_curves_04, minmay_between
D:7:      layout_gridville, okawaru_altar_gauntlet_db,
          mainiacjoe_overflow_cross_hatched, grunt_qazlal_clouds,
          minmay_lizard_king

Skill      XL: |  1  2  3  4  5  6  7  8  9 |
---------------+----------------------------+-----
Fire Magic     | 3 4 5 |  5.5
Spellcasting   | 2 3 4 5 |  5.9
Fighting       | 4 5 6 7 |  7.2
Conjurations   | 4 5 |  5.1
Ice Magic      | 2 3 |  3.0
Polearms       | |  2.6

Action                     |  1- 3 |  4- 6 |  7- 9 || total
---------------------------+-------+-------+-------++-------
  Melee: Spear             |   106 |    33 |    43 ||   182
         Touch             |     3 |     4 |     7 ||    14
         Punch             |       |     1 |       ||     1
   Cast: Scorch            |    21 |    76 |   146 ||   243
         Hailstorm         |       |       |    10 ||    10
 Invoke: Fiery Armour      |     1 |     3 |     2 ||     6
  Evoke: Wand              |       |     3 |     2 ||     5
    Use: Scroll            |     8 |     5 |     2 ||    15
         Potion            |       |       |     1 ||     1
   Stab: Paralysed         |       |       |     6 ||     6
 Armour: Robe              |    22 |       |       ||    22
         Leather armour    |    10 |    18 |    60 ||    88
  Dodge: Dodged            |    44 |    21 |    77 ||   142
  Block: Other             |       |     6 |    17 ||    23

Table legend: (Time is in decaauts)
 A = Elapsed time spent in this place.
 B = Non-inter-level travel time spent in this place.
 C = Inter-level travel time spent in this place.
 D = Time resting spent in this place.
 E = Time spent auto-exploring this place.
 F = Levels seen in this place.
 G = Mean time per level.
                   A        B        C        D        E       F      G
               +--------+--------+--------+--------+--------+-----+--------+
         Total |   8861 |   8709 |    152 |    612 |   7042 |   7 | 1265.9 |
       Dungeon |   8861 |   8709 |    152 |    612 |   7042 |   7 | 1265.9 |
               +--------+--------+--------+--------+--------+-----+--------+

Top non-repeatable levels by time:
     D:5: 1719 daAuts
     D:6: 1599 daAuts
     D:2: 1514 daAuts
     D:4: 1386 daAuts
     D:3: 1349 daAuts
     D:1: 1261 daAuts
     D:7: 30 daAuts
